 Dungeon Crawl Stone Soup version 0.29-a0-334-gb41bcbb86e (webtiles) character file.

Game seed: 5868150137091082307

39 ooooo the Grasshopper (level 3, 0/18 HPs)
             Began as a Spriggan Warper on Apr 16, 2022.
             Slain by an endoplasm (2 damage)
             ... on level 2 of the Dungeon.
             The game lasted 00:02:16 (1724 turns).

ooooo the Grasshopper (Spriggan Warper)             Turns: 1724, Time: 00:02:17

Health: 0/18       AC:  2    Str:  7    XL:     3   Next: 28%
Magic:  8/8        EV: 18    Int: 16    God:
Gold:   64         SH:  0    Dex: 14    Spells: 8/8 levels left

rFire   . . .      SeeInvis +   a - +0 short sword
rCold   . . .      Faith    .   (no shield)
rNeg    . . .      Spirit   .   b - +0 robe
rPois   .          Reflect  +   (helmet restricted)
rElec   .          Harm     .   (no cloak)
rCorr   .          Rampage  .   (gloves unavailable)
Will    .....                   (boots unavailable)
Stlth   +.........              e - amulet of reflection
HPRegen 0.06/turn               (no ring)
MPRegen 0.11/turn               (no ring)

@: confused, attractive, very quick
A: very small, no large weapons, unfitting armour, see invisible, speed 3
a: no special abilities


You were on level 2 of the Dungeon.
You visited 1 branch of the dungeon, and saw 2 of its levels.

You collected 64 gold pieces.

Inventory:

Hand Weapons
 a - a +0 short sword (weapon)
Missiles
 d - 7 boomerangs of dispersal (quivered)
 j - 5 poisoned darts
Armour
 b - a +0 robe (worn)
Jewellery
 e - an amulet of reflection (around neck)
Scrolls
 c - 2 scrolls of blinking
 f - a scroll of identify {unknown}
Potions
 h - a potion of ambrosia {unknown}
 i - a potion of cancellation {unknown}


   Skills:
 + Level 1.8 Fighting
 + Level 2.6 Short Blades
 + Level 1.3 Throwing
 + Level 3.6 Dodging
 + Level 1.3 Stealth
 + Level 3.0 Spellcasting
 * Level 4.7 Translocations


You had 8 spell levels left.
You didn't know any spells.
Your spell library contained the following spells:

 Spells                   Type           Power      Damage    Failure   Level
 Blink                    Tloc           34%        N/A       4%          2
 Gell's Gravitas          Tloc           17%        N/A       8%          3
 Lesser Beckoning         Tloc           17%        N/A       8%          3
 Teleport Other           Tloc           17%        N/A       8%          3
 Manifold Assault         Tloc           17%        N/A       58%         5


Dungeon Overview and Level Annotations

Branches:
Dungeon (2/15)

Altars:

Annotations:
D:2 Sigmund


Innate Abilities, Weirdness & Mutations

You are very small and have problems with some larger weapons.
You are too small for most types of armour.
You have supernaturally acute eyesight. (SInv)
You cover ground extremely quickly. (Speed+++)


Message History

There is a stone staircase leading up here.
You hit the endoplasm.
The endoplasm is heavily wounded.
The endoplasm freezes you.
You are frozen.
The rat misses you.
You hit the endoplasm.
The endoplasm is almost dead.
The endoplasm freezes you.
You are frozen.
You block the rat's attack.
You barely miss the endoplasm.
The endoplasm is almost dead.
The endoplasm freezes you.
You are frozen.
* * * LOW HITPOINT WARNING * * *
Sigmund the Dreaded comes into view.
He is wielding a +0 scythe and wearing a +0 robe of cold resistance.
The rat barely misses you.
Sigmund shouts!
The endoplasm freezes you.
You are frozen.
* * * LOW HITPOINT WARNING * * *
Sigmund casts a spell at you.
You are confused.
The rat closely misses you.
In your confused state, you trip and fall back down the stairs.
* * * LOW HITPOINT WARNING * * *
The endoplasm misses you. The rat closely misses you.
Sigmund gestures at you while chanting. You resist with some effort.
The rat barely misses you.
Things that are here:
a +0 dagger; a bat skeleton A ball python comes into view.
The ball python hisses angrily.
The endoplasm freezes you.
You are frozen.
* * * LOW HITPOINT WARNING * * *
Unknown command.
It was a potion of attraction.
You feel attractive to monsters. The endoplasm hits you.
You die...

####. ...<
.....######......
#................
##..........<.....
..................
..................
..................
..................
...S....@r........
.$..@....J....>...
..##.#.....#....##
# #.###.#....# #.
#.# ...# ## #.#
...# ..# ..# ###
..#


You could see Sigmund, an endoplasm, a ball python and a rat.

Vanquished Creatures
  6 bats
  An endoplasm (D:1)
  3 giant cockroaches (D:1)
  4 goblins
  3 hobgoblins (D:1)
  4 jackals (D:1)
  2 kobolds (D:1)
  2 quokkas (D:1)
  3 ball pythons (D:1)
  2 frilled lizards (D:1)
  5 rats
35 creatures vanquished.

Notes
Turn   | Place    | Note
-------+----------+-------------------------------------------
     0 | D:1      | ooooo the Spriggan Warper began the quest for the Orb.
     0 | D:1      | Reached XP level 1. HP: 10/10 MP: 5/5
   620 | D:1      | Reached XP level 2. HP: 15/15 MP: 6/6
   635 | D:1      | Reached skill level 1 in Stealth
  1048 | D:1      | Found a faded altar of an unknown god.
  1052 | D:1      | Reached XP level 3. HP: 18/18 MP: 8/8
  1718 | D:2      | Noticed Sigmund
  1724 | D:2      | Slain by an endoplasm

Illustrated notes

Levels and vault maps discovered:
D:1:      saegor_arrival_fortress, layout_loops_ring,
          shapermc_ecumenical_altar_notcrosses, nrook_campfire, hex_large,
          minmay_heptomino_d4
D:2:      layout_basic, uniq_sigmund

Skill      XL: |  1  2 |
---------------+-------+-----
Stealth        | 1 |  1.3
Spellcasting   | 3 |  3.0
Fighting       | |  1.8
Short Blades   | |  2.6
Throwing       | |  1.3
Dodging        | |  3.6
Translocations | |  4.7

Action                   || total
-------------------------++-------
Melee: Short sword       ||   122
       Punch             ||     1
  Use: Potion            ||     1
 Stab: Sleeping          ||     1
Armor: Robe              ||    17
Dodge: Dodged            ||    87
Block: Other             ||    38

Table legend: (Time is in decaauts)
 A = Elapsed time spent in this place.
 B = Non-inter-level travel time spent in this place.
 C = Inter-level travel time spent in this place.
 D = Time resting spent in this place.
 E = Time spent auto-exploring this place.
 F = Levels seen in this place.
 G = Mean time per level.
                   A        B        C        D        E       F      G
               +--------+--------+--------+--------+--------+-----+--------+
         Total |   1390 |   1371 |     19 |    408 |    677 |   2 |  695.0 |
       Dungeon |   1390 |   1371 |     19 |    408 |    677 |   2 |  695.0 |
               +--------+--------+--------+--------+--------+-----+--------+

Top non-repeatable levels by time:
     D:1: 1361 daAuts
     D:2: 28 daAuts
